 Dungeon Crawl Stone Soup version 0.30.1-4-g462c640d31 (webtiles) character file.

Game seed: 7622994074451207695

912 Nick1 the Chopper (level 8, -4/64 HPs)
             Began as a Formicid Fighter on Sept 12, 2023.
             Killed by divine providence
             ... invoked by an orc priest
              (16 damage)
             ... on level 5 of the Dungeon.
             The game lasted 00:17:28 (4273 turns).

Nick1 the Chopper (Formicid Fighter)                Turns: 4273, Time: 00:17:30

Health: -4/64      AC:  9    Str: 27    XL:     8   Next: 30%
Magic:  8/8        EV:  9    Int:  7    God:
Gold:   155        SH:  5    Dex: 11    Spells: 7/7 levels left

rFire   . . .        a - +0 war axe
rCold   + . .        c - +0 buckler
rNeg    . . .        g - +0 chain mail
rPois   .            (helmet unavailable)
rElec   .            (no cloak)
rCorr   +            (no gloves)
SInv    +            (no boots)
Will    ++...        s - amulet "Hihi" {RegenMP Will++ Str+3 Dex-2} Stlth
                     h - ring of protection from cold
HPRegen 0.30/turn    j - ring of resist corrosion
MPRegen 0.51/turn

%: no passive effects
@: mighty
A: permanent stasis, dig shafts and tunnels, antennae 3, four strong arms, fangs
1, camouflage 1, MP-powered wands, sturdy frame 1
a: Dig, Shaft Self


You were on level 5 of the Dungeon.
You visited 1 branch of the dungeon, and saw 5 of its levels.
You also visited: Sewer.

You collected 155 gold pieces.

Inventory:

Hand Weapons
 a - a +0 war axe (weapon)
Armour
 b - a +0 scale mail
 c - a +0 buckler (worn)
 g - a +0 chain mail (worn)
Jewellery
 h - a ring of protection from cold (left hand)
 j - a ring of resist corrosion (right hand)
 s - the amulet "Hihi" (around neck) {RegenMP Will++ Str+3 Dex-2}
   (You found it on level 3 of the Dungeon)

   [amulet of magic regeneration]

   It increases your rate of magic regeneration.
   Str:       It affects your strength (+3).
   Dex:       It affects your dexterity (-2).
   Will:      It greatly increases your willpower.
Scrolls
 f - a scroll of immolation
 l - a scroll of enchant weapon {unknown}
 m - a scroll of poison {unknown}
 o - a scroll of fear {unknown}
 r - a scroll of acquirement {unknown}
 u - a scroll of fog {unknown}
 v - 2 scrolls of summoning
Potions
 d - a potion of might
 e - a potion of curing
 i - a potion of attraction {unknown}
 k - a potion of degeneration {unknown}
 n - a potion of berserk rage {unknown}
 p - 3 potions of magic {unknown}
 q - a potion of cancellation {unknown}
 t - a potion of invisibility {unknown}


   Skills:
 * Level 5.7 Fighting
 * Level 6.3 Axes
 * Level 5.3 Armour
 + Level 0.7 Dodging
 + Level 0.4 Stealth
 * Level 5.5 Shields


You had 7 spell levels left.
You didn't know any spells.
Your spell library contained the following spells:

 Spells                   Type           Power      Damage    Failure   Level
 Beastly Appendage        Tmut           0%         N/A       85%         1
 Lesser Beckoning         Tloc           0%         N/A       94%         2
 Wereblood                Tmut           0%         N/A       94%         2
 Call Canine Familiar     Summ           0%         N/A       99%         3
 Frozen Ramparts          Ice            0%         1d1       99%         3
 Gell's Gravitas          Tloc           0%         N/A       99%         3
 Portal Projectile        Hex/Tloc       0%         N/A       99%         3
 Spider Form              Tmut/Pois      0%         N/A       99%         3
 Teleport Other           Tloc           0%         N/A       99%         3
 Ice Form                 Ice/Tmut       0%         N/A       100%        4
 Leda's Liquefaction      Hex/Erth       0%         N/A       100%        4
 Summon Ice Beast         Ice/Summ       0%         N/A       100%        4


Dungeon Overview and Level Annotations

Branches:
Dungeon (5/15)              Sewer (visited)
 Temple: D:4-7

Altars:
Zin

Shops:
D:1 :


Innate Abilities, Weirdness & Mutations

You cannot be hasted, slowed, berserked, paralysed or teleported.
You can dig through walls and to a lower floor.
You have a pair of large antennae on your head. (SInv)
Your four strong arms can wield two-handed weapons with a shield.
You have very sharp teeth.
Your skin changes colour to match your surroundings (Stealth+).
You expend magic power (3 MP) to strengthen your wands.
Your movements are slightly less encumbered by armour. (ER -2)


Message History

The iguana hisses menacingly.
You block the iguana's attack. The iguana closely misses you.
You barely miss the iguana. You bite the iguana, but do no damage.
The iguana bites you but does no damage.
You slash the orc priest!
The orc priest is almost dead.
You hit the iguana but do no damage.
An orc comes into view. It is wielding a +0 hand axe.
The iguana bites you but does no damage.
You barely miss the orc priest.
The orc priest is almost dead.
You closely miss the iguana.
The orc priest invokes the aid of Beogh against you.
Beogh smites you! The iguana bites you.
You completely miss the orc priest.
The orc priest is almost dead.
You hit the orc. You barely miss the iguana. The orc priest barely misses you.
The orc closely misses you. The iguana bites you.
You slash the orc priest!
You kill the orc priest!
You hit the iguana. You slash the orc!
You kill the orc!
The iguana bites you. The iguana barely misses you.
An orc comes into view. It is wielding a +0 club.
You hit the orc wizard.
The orc wizard is moderately wounded.
You hit the iguana but do no damage. The iguana barely misses you.
The orc wizard hits you with a +0 dagger.
The orc priest calls down the wrath of Beogh upon you.
Beogh smites you!
You feel very mighty all of a sudden.
The iguana bites you but does no damage.
You block the orc wizard's attack.
You closely miss the orc priest. Your bite misses the orc priest.
You barely miss the iguana. You barely miss the orc wizard.
The iguana bites you!
* * * LOW HITPOINT WARNING * * *
The orc priest mumbles some strange prayers to Beogh against you.
Beogh smites you!
You die...

..#..................#
........#.....##...##
#.............# #..##
..#. ..#...... #...# .
##..... #..# .
..#.....##...# ..
.....#.#...#
...#.#....oo.## ....
.. #.@lo.#
.........##. #..#o.#
.............##..#
#... .)....#..
#.....## ...
......##.##.....# o .
#.........#...###
#..#..###.....##.# {
.......#..###....#
.........#...#.......


You could see an iguana, an orc priest, an orc wizard and 2 orcs.

Vanquished Creatures
  An ice beast (D:5)
  4 kobold brigands (Sewer)
  Blork the orc (D:4)
  2 scorpions (D:5)
  An orc priest (D:5)
  A hound (D:5)
  Jessica (D:3)
  An iguana (D:4)
  Natasha (twice) (D:3)
  A gnoll (D:1)
  6 adders
  A river rat (Sewer)
  An ufetubus (D:5)
  6 worms
  2 dart slugs (D:2)
  5 orcs
  11 bats
  11 endoplasms
  3 giant cockroaches
  4 goblins
  6 hobgoblins
  4 jackals (D:1)
  15 kobolds
  3 quokkas
  10 ball pythons
  5 frilled lizards
  11 rats
119 creatures vanquished.

Notes
Turn   | Place    | Note
-------+----------+-------------------------------------------
     0 | D:1      | Nick1 the Formicid Fighter began the quest for the Orb.
     0 | D:1      | Reached XP level 1. HP: 18/18 MP: 1/1
   206 | D:1      | Reached XP level 2. HP: 24/24 MP: 2/2
   219 | D:1      | Found Tisemooz's Book Shoppe.
   477 | D:1      | Reached XP level 3. HP: 17/30 MP: 3/3
   818 | D:2      | Reached XP level 4. HP: 37/37 MP: 4/4
  1516 | D:3      | Reached skill level 3 in Axes
  1550 | D:3      | Noticed Natasha
  1557 | D:3      | Killed Natasha
  1558 | D:3      | Reached XP level 5. HP: 27/43 MP: 5/5
  1563 | D:3      | Identified the amulet "Hihi" {RegenMP Will++ Str+3 Dex-2}
  1664 | D:3      | Found a glowing silver altar of Zin.
  1800 | D:3      | Noticed Natasha
  1812 | D:3      | Killed Natasha
  2048 | D:3      | Noticed Jessica
  2054 | D:3      | Killed Jessica
  2055 | D:3      | Reached XP level 6. HP: 48/49 MP: 6/6
  2612 | D:4      | Noticed Blork the orc
  2623 | D:4      | Killed Blork the orc
  2624 | D:4      | Reached skill level 4 in Axes
  3009 | D:4      | Gained mutation: You are robust. (+10% HP) [potion of
                  | mutation]
  3010 | D:4      | Lost mutation: You are robust. (+10% HP) [potion of
                  | mutation]
  3010 | D:4      | Gained mutation: You expend magic power (3 MP) to
                  | strengthen your wands. [potion of mutation]
  3010 | D:4      | Gained mutation: You have very sharp teeth. [potion of
                  | mutation]
  3010 | D:4      | Gained mutation: Your movements are slightly less
                  | encumbered by armour. (ER -2) [potion of mutation]
  3010 | D:4      | Gained mutation: Your skin changes colour to match your
                  | surroundings (Stealth+). [potion of mutation]
  3042 | D:5      | Entered Level 5 of the Dungeon
  3078 | D:5      | Reached skill level 5 in Fighting
  3078 | D:5      | Reached XP level 7. HP: 56/56 MP: 7/7
  3082 | D:5      | Reached skill level 5 in Shields
  3228 | D:5      | Found a glowing drain.
  3240 | Sewer    | Entered a sewer
  3385 | Sewer    | Reached skill level 5 in Axes
  3822 | Sewer    | Reached skill level 5 in Armour
  4088 | Sewer    | Reached XP level 8. HP: 44/63 MP: 8/8
  4217 | D:5      | Reached skill level 6 in Axes
  4273 | D:5      | Killed from afar by an orc priest

Illustrated notes

Levels and vault maps discovered:
D:1:      ncdulo_smallfort, layout_basic, serial_shops,
          nicolae_shop_hallway_plus, hangedman_decor_push
D:2:      layout_basic, minmay_tromino_i2
D:3:      layout_basic, zin_academy, uniq_natasha, uniq_jessica
D:4:      layout_gridville, uniq_blork_the_orc
D:5:      layout_layer_cave, minmay_temple_entry_hall,
          cheibrodos_sewer_entry_drain

Skill      XL: |  1  2  3  4  5  6  7  8 |
---------------+-------------------------+-----
Fighting       | 4 5 |  5.7
Axes           | 3 4 5 6 |  6.3
Armour         | 4 5 |  5.3
Shields        | 5 |  5.5
Dodging        | |  0.7
Stealth        | |  0.4

Action                     |  1- 3 |  4- 6 |  7- 9 || total
---------------------------+-------+-------+-------++-------
  Melee: War axe           |    84 |   140 |   153 ||   377
         Bite              |       |       |    10 ||    10
    Use: Scroll            |       |     4 |     1 ||     5
         Potion            |       |     2 |     1 ||     3
 Armour: Scale mail        |     5 |       |       ||     5
         Chain mail        |    51 |    71 |    45 ||   167
  Dodge: Dodged            |    46 |    48 |    59 ||   153
  Block: Buckler           |    31 |    35 |    23 ||    89
